 Dungeon Crawl Stone Soup version 0.18-a0-1372-gd644665 (webtiles) character file.

9 Duffy the Ruffian (level 2, -1/25 HPs)
             Began as a Naga Transmuter on Feb 21, 2016.
             Slain by a goblin
             ... wielding a +2 dagger of flaming
              (2 damage)
             ... on level 1 of the Dungeon.
             The game lasted 00:00:58 (511 turns).

Duffy the Ruffian (Naga Transmuter)                  Turns: 511, Time: 00:00:58

Health: -1/25      AC:  1    Str: 12    XL:     2   Next: 16%
Magic:  5/5        EV: 10    Int: 13    God:
Gold:   27         SH:  0    Dex: 11    Spells: 1 memorised, 4 levels left

rFire  . . .     SeeInvis +       - Unarmed
rCold  . . .     Gourm    .     b - +0 robe
rNeg   . . .     Faith    .     (no shield)
rPois  +         Spirit   .     (no helmet)
rElec  .         Dismiss  .     (no cloak)
rCorr  .         Reflect  .     (no gloves)
SustAt .         Harm     .     (no barding)
MR     .....                    (no amulet)
Stlth  +.........               (no ring)
                                (no ring)

@: short of breath, very slow, not resistant to hostile enchantments, very
unstealthy
A: see invisible, deformed body, poison resistance, slowness 2, slow metabolism
1, spit poison 2, AC +0
a: Spit Poison


You were on level 1 of the Dungeon.
You were not hungry.

You visited 1 branch of the dungeon, and saw 1 of its levels.

You collected 27 gold pieces.


Innate Abilities, Weirdness & Mutations

You cannot wear boots.
Your serpentine skin is tough (AC +0).
You have supernaturally acute eyesight.
Armour fits poorly on your strangely shaped body.
Your system is resistant to poisons.
You cover ground very slowly.
You have a slow metabolism.
You can spit poison.


   Skills:
 - Level 1.0 Fighting
 - Level 1.5 Dodging
 + Level 3.3 Unarmed Combat
 - Level 2.0 Spellcasting
 + Level 2.4 Transmutations


You had 4 spell levels left.
You knew the following spells:

 Your Spells              Type           Power        Failure   Level  Hunger
a - Beastly Appendage     Trmt           #.....       12%         1    ##.....

Inventory:

Missiles
 a - 12 arrows
Armour
 b - a +0 robe (worn)
Scrolls
 e - a scroll of identify {unknown}
 f - a scroll of amnesia {unknown}
 g - 2 scrolls of recharging {unknown}
Books
 c - a book of Changes
Comestibles
 d - a bread ration

Dungeon Overview and Level Annotations

Branches:
Dungeon (1/15)

Altars:


Message History

The hobgoblin is lightly wounded.
You feel slightly more hungry.
The goblin shouts!
The hobgoblin throws a stone.
The stone completely misses you.
The hobgoblin throws a stone.
The stone hits you.
The hobgoblin throws a stone.
The stone hits you.
You see here a stone.
You have got your breath back.
Press: ? - help, Shift-Dir - straight line, f - goblin
Aim: a goblin, wielding a dagger of flaming The splash of poison misses the goblin.
You feel slightly more hungry.
Press: ? - help, v - describe, . - travel
Here: a goblin, wielding a dagger of flaming The floor.
You are too injured to fight recklessly!
You closely miss the goblin.
The goblin hits you with a dagger of flaming.
The goblin burns you.
You closely miss the goblin. The goblin closely misses you.
You closely miss the goblin.
You have got your breath back.
The goblin hits you with a dagger of flaming.
The goblin burns you.
Press: ? - help, Shift-Dir - straight line, f/p - goblin
Aim: a goblin, wielding a dagger of flaming The splash of poison hits the goblin.
The goblin is poisoned.
The goblin is moderately wounded.
You feel slightly more hungry. The goblin completely misses you.
You hit the goblin.
The goblin is heavily wounded.
The goblin closely misses you.
You barely miss the goblin.
The goblin is heavily wounded.
The goblin hits you with a dagger of flaming.
You die...

#.....# #...# #(#
#(# #.# #########.
##.## #.........
##...###.########
##.....##.######
........gg@......#
######.#########.#
#.# #.## 7## #.#
#.~# 77.77 7 #.#
#.#7#7.#.777 #.
77..........
#..........
#..##+####.
7#..#.....#.


You could see a hobgoblin and a goblin.

Action                   || total
-------------------------++-------
Melee: Unarmed           ||    38
 Abil: Spit Poison       ||    13

Notes
Turn   | Place    | Note
--------------------------------------------------------------
     0 | D:1      | Duffy the Naga Transmuter began the quest for the Orb.
     0 | D:1      | Reached XP level 1. HP: 18/18 MP: 3/3
   481 | D:1      | Reached XP level 2. HP: 22/25 MP: 5/5
   511 | D:1      | Slain by a goblin

Vault maps used:
D:1:      saegor_arrival_under_anarchy

Vanquished Creatures
  3 bats
  A goblin
  2 hobgoblins
  A giant newt
  A rat
8 creatures vanquished.
